 Dungeon Crawl Stone Soup version 0.26.0-10-g1f06aea511 (webtiles) character file.

Game seed: 1177438347352674179

7917 Borgoz the Carver (level 11, -14/94 HPs)
             Began as a Ghoul Gladiator on Jan 18, 2021.
             Was an Elder of Okawaru.
             Demolished by a polar bear (23 damage)
             ... on level 9 of the Dungeon.
             The game lasted 00:15:07 (11957 turns).

Borgoz the Carver (Ghoul Gladiator)                Turns: 11957, Time: 00:15:08

Health: -14/94     AC: 11    Str: 19    XL:     11   Next: 22%
Magic:  13/13      EV: 15    Int:  3    God:    Okawaru [****..]
Gold:   302        SH:  0    Dex: 13    Spells: 10/10 levels left

rFire    . . .     SeeInvis +   j - +2 scimitar (freeze)
rCold    + . .     Faith    .   (no shield)
rNeg     + + +     Spirit   .   r - +0 ring mail
rPois    ∞         Reflect  .   v - +1 hat {SInv}
rElec    .         Harm     .   b - +0 cloak
rCorr    .         Rampage  .   (no gloves)
Will     .....                  g - +1 pair of boots
Stlth    +.........             (no amulet)
HPRegen  0.00/turn              (no ring)
MPRegen  0.13/turn              (no ring)

@: no status effects
A: claws 1, cold resistance 1, negative energy resistance 3, inhibited
regeneration, torment resistance, unbreathing
a: Renounce Religion, Heroism


You were on level 9 of the Dungeon.
You worshipped Okawaru.
Okawaru was greatly pleased with you.
You visited 2 branches of the dungeon, and saw 12 of its levels.

You collected 326 gold pieces.
You spent 24 gold pieces at shops.

Inventory:

Hand Weapons
 j - a +2 scimitar of freezing (weapon)
 l - a cursed +0 great sword
Missiles
 d - a throwing net (quivered)
Armour
 b - a +0 cloak (worn)
 g - a +1 pair of boots (worn)
 r - a +0 ring mail (worn)
 v - a +1 hat of see invisible (worn)
Jewellery
 e - an uncursed amulet of faith
Wands
 q - a wand of acid (6)
 t - a wand of flame (19)
Scrolls
 f - 7 scrolls of remove curse
 i - a scroll of fog
 k - a scroll of blinking
 p - 2 scrolls of enchant armour
 s - 2 scrolls of magic mapping
Potions
 m - 2 potions of magic
 n - a potion of haste
 o - 2 potions of flight


   Skills:
 + Level 8.2 Fighting
 + Level 8.9 Long Blades
 - Level 1.7 Throwing
 * Level 7.5 Armour
 * Level 8.1 Dodging
 + Level 4.4 Invocations


You had 10 spell levels left.
You didn't know any spells.
Your spell library was empty.

Dungeon Overview and Level Annotations

Branches:
Dungeon (11/15)            Temple (1/1) D:7
   Lair: D:8-11         Orc: D:9-12

Altars:
Ashenzari
Cheibriados
Dithmenos
Elyvilon
Fedhas
Gozag
Hepliaklqana
Kikubaaqudgha
Makhleb
Nemelex Xobeh
Okawaru
Qazlal
Ru
Sif Muna
Trog
Uskayaw
Vehumet
Wu Jian
Xom
Yredelemnul
Zin
The Shining One

Shops:
D:4 [   D:5 =   D:6 (*?


Innate Abilities, Weirdness & Mutations

You thrive by killing the living.
You are immune to poison.
You have sharp fingernails.
Your flesh is cold resistant. (rC+)
You are immune to negative energy. (rN+++)
You do not regenerate when monsters are visible.
You are immune to unholy pain and torment.
You can survive without breathing.


Message History

You are too injured to fight recklessly!
You are too injured to fight recklessly!
You are too injured to fight recklessly!
You are too injured to fight recklessly!
You are too injured to fight recklessly!
You are too injured to fight recklessly!
You barely miss the polar bear.
The polar bear is severely wounded.
The polar bear bites you!!
* * * LOW HITPOINT WARNING * * *
The polar bear claws you but does no damage.
The polar bear misses you.
You barely miss the polar bear.
The polar bear is severely wounded.
The polar bear bites you.
* * * LOW HITPOINT WARNING * * *
The polar bear barely misses you. The polar bear claws you.
* * * LOW HITPOINT WARNING * * *
The polar bear bites you!!
You die...

#########
#>.......
#.###.###
###...#.#
#.......#
#.....!.#
#.?@....#
##h.....#
........#
§..#..#####
§§§§.#..#
#§.. ##..
##. ... ##
...


You could see a polar bear (berserk).

Vanquished Creatures
  Gastronok (D:8)
  Sonja (D:10)
  Joseph (D:7)
  Psyche (D:8)
  A troll (D:10)
  A slime creature (D:7)
  A wraith (D:11)
  A wyvern (D:10)
  Eustachio (D:4)
  A basilisk (D:11)
  2 water moccasins (D:6)
  An orc warrior (D:7)
  An ice beast (D:6)
  2 phantoms
  4 black bears
  2 sky beasts (D:7)
  4 ogres
  3 centaurs
  4 bullfrogs
  A gnoll sergeant (D:5)
  A scorpion (D:11)
  19 wights
  4 howler monkeys (D:7)
  A crimson imp (D:4)
  2 centaur zombies
  A bullfrog zombie (D:6)
  2 hounds
  3 jellies
  7 orc wizards
  Crazy Yiuf (D:2)
  2 orc priests (D:7)
  2 centaur skeletons
  An iguana (D:5)
  4 worker ants
  8 gnolls
  8 adders
  A shadow imp (D:7)
  A white imp (D:5)
  2 ufetubi (D:7)
  An ooze (D:1)
  An adder zombie (D:5)
  4 worms
  A dart slug (D:1)
  4 leopard geckos
  29 orcs
  4 giant cockroaches
  14 goblins
  8 hobgoblins
  10 jackals
  6 kobolds
  3 quokkas
  A ball python (D:1)
  2 bats
  6 frilled lizards
  A goblin zombie (D:4)
  4 hobgoblin zombies (D:4)
  2 kobold zombies (D:4)
  An orc skeleton (D:4)
  An orc zombie (D:4)
  4 rats
211 creatures vanquished.

Vanquished Creatures (others)
  8 fungi (D:11)
  10 plants (D:11)
18 creatures vanquished.

Grand Total: 229 creatures vanquished

Notes
Turn   | Place    | Note
-------+----------+-------------------------------------------
     0 | D:1      | Borgoz the Ghoul Gladiator began the quest for the Orb.
     0 | D:1      | Reached XP level 1. HP: 17/17 MP: 0/0
    84 | D:1      | Reached XP level 2. HP: 24/25 MP: 1/1
   483 | D:1      | Reached XP level 3. HP: 29/30 MP: 2/2
   829 | D:2      | Reached skill level 1 in Armour
   909 | D:2      | Found a sacrificial altar of Ru.
  1019 | D:2      | Reached XP level 4. HP: 22/37 MP: 3/3
  1530 | D:2      | Found a runed translucent door.
  1531 | D:2      | Noticed Crazy Yiuf
  1823 | D:2      | Reached XP level 5. HP: 36/45 MP: 4/4
  2161 | D:2      | Killed Crazy Yiuf
  3178 | D:4      | Reached XP level 6. HP: 48/51 MP: 5/5
  3329 | D:4      | Found Siklah's Armour Shoppe.
  3436 | D:4      | Found a glowing golden altar of the Shining One.
  3542 | D:4      | Noticed a phantom
  3594 | D:4      | Killed a phantom
  3739 | D:4      | Noticed Eustachio
  3788 | D:4      | Killed Eustachio
  3789 | D:4      | Reached skill level 5 in Long Blades
  3789 | D:4      | Reached XP level 7. HP: 26/59 MP: 6/6
  4122 | D:5      | Entered Level 5 of the Dungeon
  4170 | D:5      | Found a glowing golden altar of the Shining One.
  4668 | D:5      | Found Kimpour's Jewellery Boutique.
  4846 | D:5      | Found a bloodstained altar of Trog.
  4986 | D:5      | Reached XP level 8. HP: 39/67 MP: 7/7
  5639 | D:6      | Reached skill level 5 in Fighting
  5857 | D:6      | Found Yqiavip's Magic Scroll Boutique.
  5862 | D:6      | Bought a scroll of identify for 24 gold pieces
  6693 | D:6      | Reached skill level 5 in Dodging
  6856 | D:6      | Found Paddom's Weapon Boutique.
  6885 | D:6      | Found Yfurut's General Store.
  7222 | D:6      | Reached XP level 9. HP: 62/75 MP: 8/8
  8538 | D:7      | Found an opulent altar of Gozag.
  8685 | D:7      | Found a staircase to the Ecumenical Temple.
  8830 | D:7      | Reached skill level 5 in Armour
  9025 | Temple   | Entered the Ecumenical Temple
  9061 | Temple   | Became a worshipper of Warmaster Okawaru
  9566 | D:7      | Reached skill level 1 in Invocations
  9694 | D:7      | Found a white marble altar of Elyvilon.
  9948 | D:7      | Noticed Joseph
  9970 | D:7      | Killed Joseph
  9971 | D:7      | Reached XP level 10. HP: 16/86 MP: 8/10
 10671 | D:8      | Noticed Gastronok
 10699 | D:8      | Killed Gastronok
 10699 | D:8      | Reached * piety under Okawaru
 10699 | D:8      | Reached ** piety under Okawaru
 10725 | D:8      | Noticed Psyche
 10731 | D:8      | Paralysed by Psyche for 7 turns
 10739 | D:8      | Killed Psyche
 10786 | D:8      | You fall into a shaft and drop 3 floors!
 10801 | D:11     | Reached *** piety under Okawaru
 10965 | D:11     | Noticed a cyan ugly thing
 11044 | D:11     | Noticed a kobold demonologist
 11063 | D:11     | Lost intelligence.
 11369 | D:10     | Entered Level 10 of the Dungeon
 11369 | D:10     | Noticed Sonja
 11499 | D:10     | Killed Sonja
 11499 | D:10     | Reached **** piety under Okawaru
 11500 | D:10     | Reached XP level 11. HP: 94/94 MP: 11/13
 11569 | D:10     | Received a gift from Okawaru
 11957 | D:9      | Demolished by a polar bear

Illustrated notes

Levels and vault maps discovered:
D:1:      eino_arrival_water_star, layout_basic, columned_hall_lemuel
D:2:      layout_rooms, nicolae_ru_sacrificial_ziggurat, grunt_ministairs_7,
          kennysheep_nub, uniq_crazy_yiuf_cottage
D:3:      layout_basic, minivault_25, minmay_misc_feat_chi
D:4:      layout_gridville, nicolae_tso_besieged_by_evil, serial_shops,
          nicolae_shop_crystal, kennysheep_generic_room_4, uniq_eustachio
D:5:      layout_gridville, kennysheep_mini, serial_shops, nicolae_shop_stone,
          basic_altar
D:6:      layout_basic, serial_shops, shop, shop, kennysheep_little_box
D:7:      layout_basic, elyvilon_altar_5, lemuel_temple_firewalk_b,
          serial_co_window_serial, co_window_cross_1, co_window_cross_1,
          co_window_corner_a, co_window_corner_a, co_window_paths_a,
          co_window_unsneaky_path_d, co_window_cross_4,
          co_window_of_opportunity_b, co_window_2corner, co_window_broadway_c,
          co_window_2corner, co_window_paths_c, glass_columns_b,
          nicolae_gozag_seed_capital, uniq_joseph
D:8:      layout_layer_cave, uniq_gastronok, uniq_psyche
D:9:      layout_basic, serial_ice, serial_ice_e, serial_ice_l, serial_ice_c,
          serial_ice_n
D:10:     layout_layer_cave, hiddenorc1_lemuel, enter_trove_5,
          minmay_misc_feat_x, uniq_sonja
D:11:     layout_basic, grunt_lair_entry_orc_guard_hut
Temple:   dpeg_five_rooms_temple

Skill      XL: |  1  2  3  4  5  6  7  8  9 10 11 |
---------------+----------------------------------+-----
Long Blades    | 3 4 5 7 8 |  8.9
Dodging        | 3 4 5 6 7 8 |  8.1
Armour         | 1 2 3 4 5 7 |  7.5
Fighting       | 3 4 5 7 8 |  8.2
Invocations    | 1 4 |  4.4
Throwing       | |  1.7

Action                   |  1- 3 |  4- 6 |  7- 9 | 10-12 || total
-------------------------+-------+-------+-------+-------++-------
Melee: Long sword        |   100 |   206 |   298 |       ||   604
       Scimitar          |       |       |   144 |   168 ||   312
Throw: Throwing net      |       |     3 |     4 |     3 ||    10
Evoke: Wand              |       |       |     4 |     7 ||    11
  Use: Scroll            |     1 |    10 |     6 |     5 ||    22
       Potion            |       |       |    11 |       ||    11
 Stab: Held in net/web   |       |     1 |     3 |     3 ||     7
Armor: Leather armour    |    44 |    10 |       |       ||    54
       Ring mail         |       |    86 |   203 |    88 ||   377
Dodge: Dodged            |    69 |   178 |   407 |   176 ||   830
       Rpst.: Long sword |    30 |    60 |    73 |       ||   163
       Scimitar          |       |       |    32 |    28 ||    60
